 Dungeon Crawl Stone Soup version 0.29.0-4-gdea44cf6ec (webtiles) character file.

Game seed: 12617474954974167646

606 qw the Chopper (level 7, 0/54 HPs)
             Began as a Demonspawn Cinder Acolyte on Sept 9, 2022.
             Was a Believer of Ignis.
             Killed from afar by an orc wizard (1 damage)
             ... with a puff of flame
             ... on level 6 of the Dungeon.
             The game lasted 00:02:08 (7112 turns).

qw the Chopper (Demonspawn Cinder Acolyte)          Turns: 7112, Time: 00:02:08

Health: 0/54       AC: 10    Str: 16    XL:     7   Next: 19%
Magic:  8/8        EV: 10    Int: 16    God:    Ignis [**....]
Gold:   269        SH:  3    Dex:  8    Spells: 8/8 levels left

rFire   + . .      SeeInvis .   e - +0 war axe (flame)
rCold   . . .      Faith    .   g - +0 buckler
rNeg    . . .      Spirit   .   q - +0 chain mail
rPois   .          Reflect  .   (no helmet)
rElec   .          Harm     .   (no cloak)
rCorr   .          Rampage  .   (no gloves)
Will    .....                   (no boots)
Stlth   ..........              (no amulet)
HPRegen 0.18/turn               n - +4 ring of evasion
MPRegen 0.22/turn               (no ring)

@: no status effects
A: slimy green scales 1, magic regeneration, weakness stinger 1
a: Renounce Religion, Fiery Armour, Foxfire Swarm, Rising Flame


You were on level 6 of the Dungeon.
You worshipped Ignis.
Ignis was pleased with you.
You visited 1 branch of the dungeon, and saw 6 of its levels.

You collected 269 gold pieces.


Innate Abilities, Weirdness & Mutations

You are partially covered in slimy green scales. (AC +2)
You regenerate magic rapidly.
You have a small tail.


   Skills:
 - Level 4.0 Fighting
 + Level 6.0 Axes
 - Level 2.0 Armour
 - Level 1.6 Dodging
 - Level 2.0 Shields
 - Level 1.0 Spellcasting
 - Level 2.6 Fire Magic


You had 8 spell levels left.
You didn't know any spells.
Your spell library contained the following spells:

 Spells                   Type           Power      Damage    Failure   Level
 Scorch                   Fire           18%        2d5       96%         2

Inventory:

Hand Weapons
 e - a +0 war axe of flaming (weapon)
Armour
 g - a +0 buckler (worn)
 q - a +0 chain mail (worn)
Jewellery
 n - a +4 ring of evasion (left hand)
Scrolls
 b - a scroll of teleportation
 k - a scroll of identify
 m - a scroll of enchant armour
Potions
 d - a potion of heal wounds
 f - a potion of cancellation {unknown}
 h - a potion of might {unknown}
 i - a potion of attraction {unknown}
 l - a potion of degeneration {unknown}

Dungeon Overview and Level Annotations

Branches:
Dungeon (6/15)             Temple (0/1) D:5

Altars:

Shops:
D:5 =

Annotations:
D:5 3 runed translucent doors, qw's ghost, novice BaCK


Message History

You hear some strange, mumbled words.
A magic dart appears from out of thin air!
The magic dart hits you.
You're too confused to attack without stumbling around!
There is a strange disturbance nearby!
You hear some strange, mumbled words.
A magic dart appears from out of thin air!
The magic dart hits you.
You're too confused to attack without stumbling around!
There is a strange disturbance nearby!
Something hits you but does no damage.
You're too confused to attack without stumbling around!
There is a strange disturbance nearby!
You hear some strange, mumbled words.
Something tries to affect you, but you resist.
You're too confused to attack without stumbling around!
There is a strange disturbance nearby!
You hear some strange, mumbled words.
Something tries to affect you, but you resist.
You're too confused to attack without stumbling around!
There is a strange disturbance nearby!
Something hits you.
You're too confused to attack without stumbling around!
There is a strange disturbance nearby!
Something hits you.
You're too confused to attack without stumbling around!
There is a strange disturbance nearby!
You feel less confused.
You hear some strange, mumbled words.
Something tries to affect you, but you resist.
You barely miss something.
You hear some strange, mumbled words.
A puff of flame appears from out of thin air!
The puff of flame hits you but does no damage.
You barely miss something. Something hits you.
You hear some strange, mumbled words.
A puff of flame appears from out of thin air!
The puff of flame hits you. You resist.
You die...

#.# ###....# #.#
###......# ###.#
##........# ###...#
#.........# ###.....##
##........#
##........# #.......##
#.........####.......#
...........##[.......#
......)..){@.........#
....................##
...................##
............##.....#
####.......####....#
#####..## ##...# +..#
..... #..# ..... ..##


There were no monsters in sight!

Vanquished Creatures
  An ogre (D:5)
  A scorpion (D:4)
  A jelly (D:6)
  Ijyb (D:3)
  An iguana (D:5)
  Natasha (thrice) (D:3)
  3 orc wizards
  5 adders
  7 gnolls (D:4)
  2 white imps
  An ufetubus (D:5)
  3 dart slugs (D:4)
  6 orcs
  7 bats
  7 endoplasms
  4 giant cockroaches
  6 goblins
  9 hobgoblins
  9 jackals (D:3)
  5 kobolds
  4 quokkas
  6 ball pythons
  6 frilled lizards
  6 rats
104 creatures vanquished.

Vanquished Creatures (others)
  A fungus (D:5)
  3 plants (D:5)
4 creatures vanquished.

Grand Total: 108 creatures vanquished

Notes
Turn   | Place    | Note
-------+----------+-------------------------------------------
     0 | D:1      | qw the Demonspawn Cinder Acolyte began the quest for the
                  | Orb.
     0 | D:1      | Reached XP level 1. HP: 18/18 MP: 2/2
     0 | D:1      | 0 ||| qw: Version: 0.1-a-113-g051387a
     0 | D:1      | 0 ||| qw: Game counter: 6941
     0 | D:1      | 0 ||| qw: Always use a shield: true
     0 | D:1      | 0 ||| qw: God list: Okawaru
     0 | D:1      | 0 ||| qw: Allow faded altars: false
     0 | D:1      | 0 ||| qw: Do Orc after D:15 true
     0 | D:1      | 0 ||| qw: Do second Lair branch before Depths: true
     0 | D:1      | 0 ||| qw: Lair rune preference: random
     0 | D:1      | 0 ||| qw: Plans: Normal
     0 | D:1      | 0 ||| PLANNING D:1-11
    70 | D:1      | Reached skill level 3 in Axes
   196 | D:1      | 196 ||| INVOKING Fiery Armour.
   198 | D:1      | Gained mutation: You regenerate magic rapidly. [demonic
                  | ancestry]
   198 | D:1      | Reached XP level 2. HP: 13/24 MP: 3/3
   482 | D:1      | 482 ||| INVOKING Fiery Armour.
   849 | D:1      | Found a faded altar of an unknown god.
  1000 | D:1      | 1000 ||| Stepping ~*~*~tactically~*~*~ (stealth).
  1001 | D:1      | 1001 ||| Stepping ~*~*~tactically~*~*~ (stealth).
  1006 | D:1      | 1006 ||| Stepping ~*~*~tactically~*~*~ (stealth).
  1236 | D:1      | 1236 ||| INVOKING Fiery Armour.
  1745 | D:1      | Reached XP level 3. HP: 29/29 MP: 4/4
  1776 | D:1      | 1776 ||| UPGRADING to +2 robe of willpower.
  1786 | D:1      | 1786 ||| DROPPING +0 robe.
  1787 | D:1      | 1787 ||| DROPPING ring of wizardry.
  1788 | D:1      | 1788 ||| READING scroll labelled JACAAN RAGESU.
  1789 | D:1      | 1789 ||| READING scroll labelled QOKE TOCEHOOFF.
  1790 | D:1      | 1790 ||| READING scroll labelled HAITAWE DOWAL.
  1791 | D:1      | 1791 ||| READING scroll labelled BYIFIOWUNLE.
  1792 | D:1      | 1792 ||| READING scroll labelled APHIN BOOHISUVU.
  1937 | D:2      | 1937 ||| Stepping ~*~*~tactically~*~*~ (stealth).
  1940 | D:2      | 1940 ||| Stepping ~*~*~tactically~*~*~ (stealth).
  2083 | D:2      | 2083 ||| SWAPPING to +0 war axe.
  2272 | D:2      | 2272 ||| Stepping ~*~*~tactically~*~*~ (stealth).
  2282 | D:2      | Reached skill level 4 in Axes
  2291 | D:2      | 2291 ||| Stepping ~*~*~tactically~*~*~ (stealth).
  2681 | D:2      | 2681 ||| UPGRADING to +0 buckler.
  2686 | D:2      | 2686 ||| DROPPING ring of flight.
  2687 | D:2      | 2687 ||| UPGRADING to +4 ring of evasion.
  2688 | D:2      | 2688 ||| READING scroll labelled CELUCS VIWUORIXZOL.
  2693 | D:2      | 2693 ||| READING scroll labelled YGO ZYIMIR.
  2694 | D:2      | 2694 ||| Stepping randomly (stuck).
  2695 | D:2      | 2695 ||| Stepping ~*~*~tactically~*~*~ (cloud).
  2700 | D:2      | HP: 7/29 [poisoned by you (poison gas)]
  2704 | D:2      | HP: 3/29 [poisoned by you (poison gas)]
  3041 | D:3      | Reached skill level 1 in Shields
  3238 | D:3      | 3238 ||| Stepping ~*~*~tactically~*~*~ (stealth).
  3240 | D:3      | 3240 ||| Stepping ~*~*~tactically~*~*~ (stealth).
  3242 | D:3      | 3242 ||| Stepping ~*~*~tactically~*~*~ (stealth).
  3423 | D:3      | Noticed Natasha
  3425 | D:3      | 3425 ||| Stepping ~*~*~tactically~*~*~ (hiding).
  3432 | D:3      | 3432 ||| INVOKING Fiery Armour.
  3433 | D:3      | Killed Natasha
  3434 | D:3      | Reached skill level 1 in Dodging
  3434 | D:3      | Gained mutation: You are partially covered in slimy green
                  | scales. (AC +2) [demonic ancestry]
  3434 | D:3      | Reached XP level 4. HP: 15/35 MP: 5/5
  3994 | D:3      | Noticed Natasha
  3995 | D:3      | 3995 ||| Stepping ~*~*~tactically~*~*~ (hiding).
  4004 | D:3      | Killed Natasha
  4089 | D:3      | Noticed Natasha
  4090 | D:3      | 4090 ||| Stepping ~*~*~tactically~*~*~ (stealth).
  4092 | D:3      | 4092 ||| Stepping ~*~*~tactically~*~*~ (stealth).
  4102 | D:3      | Killed Natasha
  4103 | D:3      | Gained mutation: You have a small tail. [demonic ancestry]
  4103 | D:3      | Reached XP level 5. HP: 30/41 MP: 6/6
  4222 | D:3      | Noticed Ijyb
  4235 | D:3      | Killed Ijyb
  4353 | D:3      | 4353 ||| UPGRADING to +0 ring mail.
  4363 | D:3      | 4363 ||| DROPPING +2 robe of willpower.
  4364 | D:3      | 4364 ||| UPGRADING to +0 scale mail.
  4374 | D:3      | 4374 ||| DROPPING +0 ring mail.
  4375 | D:3      | 4375 ||| DRINKING 4 puce potions.
  4376 | D:3      | 4376 ||| DRINKING 3 fuming pink potions.
  4377 | D:3      | 4377 ||| DRINKING 2 brown potions.
  4400 | D:3      | 4400 ||| DROPPING potion of lignification.
  4510 | D:4      | 4510 ||| INVOKING Fiery Armour.
  4782 | D:4      | Reached skill level 5 in Axes
  4912 | D:4      | 4912 ||| Stepping ~*~*~tactically~*~*~ (hiding).
  5163 | D:4      | 5163 ||| INVOKING Fiery Armour.
  5167 | D:4      | Reached XP level 6. HP: 47/47 MP: 7/7
  5406 | D:4      | 5406 ||| Stepping ~*~*~tactically~*~*~ (hiding).
  5411 | D:4      | 5411 ||| INVOKING Fiery Armour.
  5538 | D:4      | 5538 ||| READING scroll labelled WEBLAFUP SISO.
  5561 | D:5      | Entered Level 5 of the Dungeon
  5584 | D:5      | Found a staircase to the Ecumenical Temple.
  5628 | D:5      | Found Boleq's Jewellery Emporium.
  5635 | D:5      | 5635 ||| SHOPLISTING +6 ring of dexterity (468 gold, have
                  | 169).
  5635 | D:5      | 5635 ||| SHOPLISTING amulet of reflection (390 gold, have
                  | 169).
  5635 | D:5      | 5635 ||| SHOPLISTING ring of resist corrosion (260 gold,
                  | have 169).
  5635 | D:5      | 5635 ||| SHOPLISTING ring of the Hare {EV+8} (1664 gold,
                  | have 169).
  5720 | D:5      | Found a runed translucent gate.
  5721 | D:5      | Found a runed translucent gate.
  5721 | D:5      | Noticed qw's ghost (novice BaCK)
  5722 | D:5      | Found a runed translucent gate.
  5742 | D:5      | 5742 ||| INVOKING Fiery Armour.
  5744 | D:5      | Reached skill level 6 in Axes
  6210 | D:5      | 6210 ||| DRINKING 3 potions of curing.
  6210 | D:5      | 6210 ||| (to cure confusion)
  6213 | D:5      | 6213 ||| FLEEEEING.
  6214 | D:5      | 6214 ||| FLEEEEING.
  6217 | D:5      | 6217 ||| DRINKING 2 potions of curing.
  6217 | D:5      | 6217 ||| (to cure confusion)
  6461 | D:5      | Reached XP level 7. HP: 52/52 MP: 8/8
  6678 | D:5      | 6678 ||| UPGRADING to +0 chain mail.
  6688 | D:5      | 6688 ||| DROPPING +0 scale mail.
  6689 | D:5      | 6689 ||| READING scroll labelled DEIBLOKHAL.
  6690 | D:5      | 6690 ||| READING scroll labelled IFRARU PIPPAAL.
  6833 | D:5      | 6833 ||| READING 2 scrolls of identify.
  6833 | D:5      | 6833 ||| IDENTIFYING grey potion
  6834 | D:5      | 6834 ||| DROPPING potion of brilliance.
  7006 | D:6      | 7006 ||| SWAPPING to +0 war axe of flaming.
  7007 | D:6      | 7007 ||| DROPPING -1 hand axe of flaming.
  7008 | D:6      | 7008 ||| DROPPING +1 war axe.
  7039 | D:6      | 7039 ||| DRINKING potion of curing.
  7039 | D:6      | 7039 ||| (to cure confusion)
  7060 | D:6      | HP: 13/52 [something/magic dart (4)]
  7067 | D:6      | HP: 8/52 [something (1)]
  7071 | D:6      | HP: 2/52 [something (3)]
  7073 | D:6      | 7073 ||| DRINKING 3 potions of heal wounds.
  7085 | D:6      | HP: 7/53 [orc wizard/magic dart (8)]
  7086 | D:6      | 7086 ||| DRINKING 2 potions of heal wounds.
  7100 | D:6      | HP: 6/54 [something/magic dart (10)]
  7108 | D:6      | HP: 3/54 [something (1)]
  7112 | D:6      | HP: 1/54 [something (1)]
  7112 | D:6      | Killed from afar by an orc wizard

Levels and vault maps discovered:
D:1:      saegor_arrival_simple_e, layout_basic,
          chequers_ecumenical_altar_island, minmay_pentomino_o4
D:2:      layout_loops_corners, minmay_misc_feat_pillars, st_stairs_6,
          minmay_ruptured
D:3:      layout_basic, uniq_ijyb, uniq_natasha
D:4:      layout_basic, kennysheep_generic_room_3
D:5:      layout_gridville, minmay_temple_entry_antechambers, serial_shops,
          shop, gammafunk_ghost_nasty_kobolds, minmay_misc_feat_encased,
          nicolae_figureground_pulse
D:6:      layout_cave_pods, mainiacjoe_overflow_surrounded_room

Skill      XL: |  1  2  3  4  5  6  7 |
---------------+----------------------+-----
Axes           | 3 4 5 6 |  6.0
Shields        | 1 2 |  2.0
Dodging        | 1 |  1.6
Armour         | 2 |  2.0
Fighting       | 4 |  4.0
Spellcasting   | |  1.0
Fire Magic     | |  2.6

Action                   |  1- 3 |  4- 6 |  7- 9 || total
-------------------------+-------+-------+-------++-------
Melee: Hand axe          |   124 |       |       ||   124
       War axe           |    64 |   184 |    29 ||   277
       Tailslap          |       |    14 |     3 ||    17
Invok: Fiery Armour      |     4 |     4 |       ||     8
  Use: Scroll            |     7 |     1 |     3 ||    11
       Potion            |       |     5 |     3 ||     8
 Stab: Distracted        |     1 |       |       ||     1
Armor: Robe              |    50 |    13 |       ||    63
       Scale mail        |       |    54 |       ||    54
       Chain mail        |       |       |    81 ||    81
Dodge: Dodged            |   129 |   116 |    19 ||   264
Block: Buckler           |       |    21 |     1 ||    22

Table legend:
 A = Non-vault XP
 B = Vault XP
 C = Vault XP percentage of total XP
 D = Non-vault monster count
 E = Vault monster count
 F = Vault count percentage of total count
                 A         B        C        D         E       F
            +---------+---------+-------+---------+---------+-------
      Total |     781 |      85 |   9.8 |      94 |      10 |   9.6
            +---------+---------+-------+---------+---------+-------
        D:1 |      38 |       4 |   9.5 |      24 |       2 |   7.7
        D:2 |      14 |       7 |  33.3 |       9 |       5 |  35.7
        D:3 |     116 |      71 |  38.0 |      21 |       2 |   8.7
        D:4 |     235 |       3 |   1.3 |      23 |       1 |   4.2
        D:5 |     254 |       0 |   0.0 |      12 |       0 |   0.0
        D:6 |     124 |       0 |   0.0 |       5 |       0 |   0.0
            +---------+---------+-------+---------+---------+-------
